 Dungeon Crawl Stone Soup version 0.18.1-48-g4cf74bf (webtiles) character file.

311551 Inkary the Slayer (level 20, 0/198 HPs)
             Began as a Minotaur Fighter on July 24, 2016.
             Was a High Priest of Okawaru.
             Killed by a malign offering
             ... invoked by a deep elf high priest
              (25 damage)
             ... on level 3 of the Elven Halls.
             The game lasted 04:37:08 (40190 turns).

Inkary the Slayer (Minotaur Fighter)               Turns: 40190, Time: 04:37:09

Health: 0/198      AC: 41    Str: 33    XL:     20   Next: 42%
Magic:  32/32      EV: 10    Int:  6    God:    Okawaru [*****.]
Gold:   1443       SH: 20    Dex: 27    Spells: 7 memorised, 11 levels left

rFire  + . .     SeeInvis +     V - +1 morningstar "Talius" {freeze, *Contam Str+4 Dex+4}
rCold  + . .     Gourm    .     v - +4 plate armour of Jimoihyrig {Dex+3}
rNeg   . . .     Faith    +     N - +2 shield of the Thirteen Seas {MR+ Dex+2}
rPois  +         Spirit   .     b - +2 hat
rElec  .         Dismiss  .     q - +1 cloak {MR+}
rCorr  +         Reflect  .     S - +2 pair of gloves of the Mind {rCorr Str+7 Int-2}
SustAt .         Harm     .     w - +2 pair of boots {run}
MR     +++..                    U - amulet of faith
Stlth  ..........               H - +5 ring of dexterity
                                t - ring of Jopse {rPois rC+ Int+3}

@: very slightly contaminated, quick, extremely resistant to hostile
enchantments, extremely unstealthy
A: retaliatory headbutt, horns 2, large bone plates 1, rough black scales 1, see
invisible, fire resistance 1, weak 2
a: Heroism, Finesse, Renounce Religion
}: 2/15 runes: serpentine, barnacled


You were on level 3 of the Elven Halls.
You worshipped Okawaru.
Okawaru was extremely pleased with you.
You were hungry.

You visited 7 branches of the dungeon, and saw 37 of its levels.
You also visited: Ice Cave.

You collected 4580 gold pieces.
You spent 2789 gold pieces at shops.

Inventory:

Hand Weapons
 e - a +3 morningstar of holy wrath
 J - the +8 mace "Yghov Uzo" {crush, Str+4 SInv}
   (You found it on level 10 of the Dungeon)

   It inflicts extra damage upon your enemies.
   It affects your strength (+4).
   It lets you see invisible.
 V - the +1 morningstar "Talius" (weapon) {freeze, *Contam Str+4 Dex+4}
   (Okawaru gifted it to you on level 14 of the Dungeon)

   It has been specially enchanted to freeze those struck by it, causing extra
   injury to most foes and up to half again as much damage against particularly
   susceptible opponents.
   It can also slow down cold-blooded creatures.
   It affects your strength (+4).
   It affects your dexterity (+4).
   It causes magical contamination when unequipped.
Armour
 b - a +2 hat (worn)
 q - a +1 cloak of magic resistance (worn)
 v - the +4 plate armour of Jimoihyrig (worn) {Dex+3}
   (Okawaru gifted it to you on level 8 of the Lair of Beasts)

   It affects your dexterity (+3).
 w - a +2 pair of boots of running (worn)
 K - a +2 fire dragon armour
 N - the +2 shield of the Thirteen Seas (worn) {MR+ Dex+2}
   (You took it off Donald on level 1 of the Orcish Mines)

   It affects your dexterity (+2).
   It affects your resistance to hostile enchantments.
 S - the +2 pair of gloves of the Mind (worn) {rCorr Str+7 Int-2}
   (You found it on level 2 of the Lair of Beasts)

   It affects your strength (+7).
   It affects your intelligence (-2).
   It protects you from acid and corrosion.
Jewellery
 t - the ring of Jopse (left hand) {rPois rC+ Int+3}
   (You bought it in a shop on level 8 of the Dungeon)

   [ring of poison resistance]

   It affects your intelligence (+3).
   It protects you from cold.
   It protects you from poison.
 F - an uncursed ring of resist corrosion
 H - a +5 ring of dexterity (right hand)
 R - an uncursed ring of sustain attributes
 U - an amulet of faith (around neck)
Wands
 g - a wand of paralysis (15/24)
 i - a wand of teleportation (4/9)
 A - a wand of confusion (23/48)
 M - a wand of disintegration (5/24)
Scrolls
 k - 4 scrolls of teleportation
 n - 4 scrolls of enchant weapon
 s - 6 scrolls of fear
 x - 11 scrolls of remove curse
 C - 2 scrolls of blinking
 I - a scroll of silence
 L - 4 scrolls of recharging
Potions
 a - 2 potions of haste
 h - 9 potions of curing
 j - 4 potions of heal wounds
 u - 2 potions of lignification
 G - 6 potions of ambrosia
 P - a potion of cure mutation
 T - 4 potions of might
 X - 4 potions of cancellation
 Z - 2 potions of agility
Miscellaneous
 c - a plain deck of wonders {drawn: 4}
 m - a plain deck of wonders {drawn: 1}
 y - an ornate deck of summoning
 z - a plain deck of summoning {drawn: 3}
 O - a sack of spiders {used: 1}
Comestibles
 f - 32 bread rations
 l - 38 fruits
 B - 13 slices of pizza
 D - 16 meat rations


   Skills:
 + Level 21.0 Fighting
 - Level 14.0 Maces & Flails
 + Level 19.4 Armour
 - Level 1.5 Dodging
 + Level 14.5 Shields
 - Level 9.5 Spellcasting
 - Level 3.0 Summonings
 - Level 6.0 Translocations
 - Level 9.1 Transmutations
 - Level 11.3 Invocations
 - Level 7.0 Evocations


You had 11 spell levels left.
You knew the following spells:

 Your Spells              Type           Power        Failure   Level  Hunger
a - Blink                 Tloc           N/A          12%         2    ##.....
b - Dragon Form           Trmt           ##........   100%        7    #######
c - Summon Butterflies    Summ           #.......     24%         1    None
d - Statue Form           Trmt/Erth      #........    100%        6    #######
e - Petrify               Trmt/Erth      #.......     96%         4    ####...
f - Vampiric Draining     Necr           #.........   99%         3    ###....
g - Ice Form              Ice/Trmt       #.......     96%         4    ####...


Dungeon Overview and Level Annotations

Branches:
Dungeon (15/15)            Temple (1/1) D:4            Lair (8/8) D:10
 Shoals (4/4) Lair:6        Snake (4/4) Lair:3        Slime (0/6) Lair:7
    Orc (2/2) D:9             Elf (3/3) Orc:2        Vaults (0/5) D:14
 Depths (0/5) D:15

Altars:
Ashenzari
Cheibriados
Dithmenos
Elyvilon
Fedhas
Gozag
Kikubaaqudgha
Makhleb
Nemelex Xobeh
Okawaru
Pakellas
Qazlal
Ru
Sif Muna
Trog
Vehumet
Xom
Yredelemnul
Zin
The Shining One

Shops:
D:6 :   D:8 =   Orc:1 [(   Orc:2 *[%[   Elf:2 [   Elf:3 }   Snake:1 %

Portals:
Trove: D:11 (give wand of heal wounds (9))


Innate Abilities, Weirdness & Mutations

You reflexively headbutt those who attack you in melee.
You have a pair of horns on your head.
You are partially covered in large bone plates (AC +2, SH +2).
You are partially covered in rough black scales (AC +4, Dex -1).
You have supernaturally acute eyesight.
Your flesh is heat resistant.
You are very weak. (Str -4)


Message History

Sorry, you can't target what you can't see.
Okay, then.
You see here a short sword of protection.
The deep elf high priest mumbles some strange prayers to its god against you.
Something smites you!
* * * LOW HITPOINT WARNING * * *
The deep elf annihilator casts a spell.
The deep elf annihilator blinks!
Items here: )) [[ a long sword of flaming; a ring mail; a rapier; a scale mail Drink which item? (? for menu, Esc to quit)
You feel much better.
The deep elf high priest mumbles some strange prayers to its god against you.
Something smites you!
* * * LOW HITPOINT WARNING * * *
You are feeling hungry.
There is an open door here.
The deep elf high priest utters a dark prayer and points at you.
Your life force is offered up.
You die...

...⌠.⌠..........###.# #.###.#####
##8.8.8##.#####.# #.# #.# #.#
###.####.# #.# #.# #.# #.# #.#
#.# #.# #.# #.# #.# ####+## #.#
#.###'###'###.# ?.....# #.#
#.##.......##.# ......# #.#
#.##.......##.# ......#
#.#####.##.......##.#
......###......)@'.......##.#####
......+......#####.......'.......
......######## ##.....###.#####
.....## ###...## #.# ....####
#......###.# /).....#
#...))..##.# .......#
#...).e.##.# # .......#
#.......##.## ## .......#
#......))...###.


You could see a deep elf high priest.

Vanquished Creatures
  Mara (Elf:3)
  Nikola (Snake:4)
  Asterion (Elf:3)
  A deep elf blademaster (Elf:3)
  A kraken (Shoals:2)
  Polyphemus (Shoals:4)
  Kirke (D:13)
  The ghost of Typee the Brawler, an adept DrTm of Cheibriados (Shoals:2)
  Wiglaf (Elf:3)
  Ilsuiw (Shoals:4)
  5 orc warlords (Orc:1)
  13 greater nagas
  Roxanne (D:15)
  Donald (Orc:1)
  Louise (Elf:3)
  2 deep elf elementalists
  A stone giant (Orc:2)
  3 deep elf demonologists
  A deep elf annihilator (Elf:2)
  Nessos (Orc:2)
  A dire elephant (Lair:8)
  An ettin (Orc:1)
  Snorg (Lair:4)
  2 deep elf death magi (Elf:3)
  A crystal guardian (Elf:3)
  4 merfolk javelineers
  2 deep elf high priests (Elf:1)
  8 merfolk impalers
  4 vault guards (D:14)
  Harold (D:12)
  10 hydras
  The ghost of Typee the Carver, a journeyman HuFi of Elyvilon (D:10)
  16 naga warriors
  3 catoblepae
  7 centaur warriors
  18 anacondas
  2 death knights
  A satyr (Shoals:1)
  2 merfolk avatars (Shoals:4)
  3 merfolk aquamancers
  An ogre mage (D:15)
  11 death yaks
  A deep troll shaman (Lair:8)
  The ghost of Aquadorian the Severer, a novice MiFi of Okawaru (D:13)
  A tengu warrior (D:15)
  25 dancing weapons
  5 shock serpents
  8 orc high priests
  Sonja (Lair:4)
  2 fire crabs (Shoals:1)
  A small abomination (Elf:1)
  17 naga sharpshooters
  22 deep elf knights
  7 salamander mystics
  A wizard (D:15)
  10 sea snakes
  An unseen horror (shapeshifter) (Elf:3)
  2 unseen horrors
  7 naga ritualists
  10 deep elf archers
  48 deep elf magi
  A necromancer (Lair:6)
  Pikel (D:5)
  3 hill giants
  13 mana vipers
  11 harpies
  11 griffons
  5 orc sorcerers
  8 ugly things
  6 fauns
  6 cyclopes
  18 salamanders
  12 manticores
  12 orc knights
  42 black mambas
  11 elephants
  3 ice statues (IceCv)
  6 water nymphs
  16 sirens
  9 guardian serpents
  21 naga magi
  11 spiny frogs
  5 rime drakes
  An efreet (D:15)
  4 centaur skeletons
  A yaktaur (Shoals:3)
  A freezing wraith (D:14)
  3 kobold demonologists
  16 komodo dragons
  A polar bear (Lair:8)
  41 merfolk
  10 trolls
  4 wind drakes (Shoals:4)
  A polar bear (shapeshifter) (D:14)
  2 two-headed ogres
  16 blink frogs
  7 slime creatures
  5 snapping turtles
  15 water elementals
  An air elemental (Elf:2)
  6 wyverns
  40 yaks
  A vampire (D:10)
  2 wraiths
  3 hogs (D:13)
  4 basilisks
  A fire elemental (Orc:2)
  18 hippogriffs
  A human (D:7)
  2 fire bats (Shoals:1)
  A steam dragon (Lair:3)
  11 vampire mosquitoes
  2 hungry ghosts
  2 mottled dragons
  11 wargs
  55 nagas
  12 water moccasins
  2 hell hounds
  68 orc warriors
  14 porcupines
  2 wasps
  8 ice beasts
  An elephant zombie (Lair:6)
  4 phantoms
  A necrophage (D:6)
  7 sky beasts
  A slave (D:5)
  A black bear (Lair:8)
  20 ogres
  5 wolves (Lair:8)
  22 centaurs
  17 crocodiles
  A big kobold (D:10)
  16 giant frogs
  A gnoll sergeant (D:10)
  A wyvern zombie (D:9)
  3 scorpions
  12 killer bees
  13 wights
  10 howler monkeys
  6 electric eels
  12 crimson imps
  2 centaur zombies
  A wasp zombie (D:10)
  4 giant frog zombies
  A quasit (D:8)
  31 orc priests
  A basilisk zombie (Lair:6)
  6 hounds
  7 jellies
  2 giant frog skeletons
  38 orc wizards
  9 iguanas
  8 worker ants
  33 sheep
  A crocodile zombie (Lair:6)
  A hound zombie (D:9)
  A hound skeleton (D:10)
  A worker ant zombie (D:6)
  7 gnolls
  18 adders
  48 river rats
  3 shadow imps
  12 white imps (Lair:2)
  4 oozes
  2 adder skeletons (D:9)
  A worm (D:3)
  A dart slug (D:4)
  8 giant geckos
  116 orcs
  A ball python (D:6)
  7 bats
  2 giant cockroaches (D:1)
  2 goblins
  13 hobgoblins
  25 jackals
  6 quokkas
  9 giant newts
  10 kobolds
  A quokka skeleton (D:6)
  4 rats
  A butterfly (Lair:8)
  A crawling corpse (Elf:1)
  4 tentacles (Shoals:2)
1542 creatures vanquished.

Vanquished Creatures (collateral kills)
  2 merfolk javelineers (Shoals:4)
  2 merfolk impalers (Shoals:4)
  2 merfolk aquamancers (Shoals:4)
  A komodo dragon (Lair:1)
  6 merfolk
13 creatures vanquished.

Vanquished Creatures (others)
  A deep elf mage (Elf:2)
  A centaur skeleton (D:13)
  2 humans (D:13)
  A water moccasin (Lair:7)
  A centaur (D:15)
  An adder (D:5)
  A bush (Lair:4)
  12 fungi
  9 plants
  3 tentacles (Shoals:2)
  94 tentacle segments (Shoals:2)
126 creatures vanquished.

Grand Total: 1681 creatures vanquished

Notes
Turn   | Place    | Note
--------------------------------------------------------------
     0 | D:1      | Inkary the Minotaur Fighter began the quest for the Orb.
     0 | D:1      | Reached XP level 1. HP: 19/19 MP: 0/0
   332 | D:1      | Reached XP level 2. HP: 27/27 MP: 1/1
   753 | D:2      | Reached XP level 3. HP: 33/33 MP: 2/2
  1248 | D:2      | Found a sparkling altar of Nemelex Xobeh.
  1256 | D:2      | Found a blossoming altar of Fedhas.
  1448 | D:3      | Reached skill level 1 in Dodging
  1458 | D:3      | Reached XP level 4. HP: 5/40 MP: 3/3
  1775 | D:3      | Reached skill level 5 in Armour
  1851 | D:3      | Reached XP level 5. HP: 46/46 MP: 4/4
  1895 | D:3      | Reached skill level 4 in Fighting
  1895 | D:3      | Reached skill level 5 in Shields
  2104 | D:2      | Found a white marble altar of Elyvilon.
  2491 | D:4      | Reached XP level 6. HP: 32/53 MP: 5/5
  2761 | D:4      | Reached skill level 5 in Fighting
  2834 | D:4      | Reached XP level 7. HP: 57/61 MP: 6/6
  3026 | D:4      | Found a staircase to the Ecumenical Temple.
  3046 | Temple   | Entered the Ecumenical Temple
  3138 | Temple   | Became a worshipper of Warmaster Okawaru
  3238 | D:5      | Entered Level 5 of the Dungeon
  3275 | D:5      | Noticed Pikel
  3300 | D:5      | Killed Pikel
  3300 | D:5      | Reached * piety under Okawaru
  3300 | D:5      | Reached skill level 6 in Fighting
  3300 | D:5      | Reached skill level 5 in Maces & Flails
  3300 | D:5      | Reached XP level 8. HP: 66/70 MP: 7/7
  3598 | D:5      | Reached ** piety under Okawaru
  3598 | D:5      | Reached skill level 7 in Fighting
  3781 | D:5      | Found a shimmering altar of Xom.
  4027 | D:6      | Found Taet's Book Boutique.
  4112 | D:6      | Gained mutation: You expend magic power (3 MP) to strengthen your wands. [mutagenic meat]
  4113 | D:6      | Gained mutation: You are resistant to hostile enchantments. [mutagenic meat]
  4288 | D:6      | Reached XP level 9. HP: 72/79 MP: 8/8
  4407 | D:6      | Found a burning altar of Makhleb.
  4409 | D:6      | Noticed a green death
  4517 | D:7      | Found a glowing golden altar of the Shining One.
  4538 | D:7      | Reached *** piety under Okawaru
  4538 | D:7      | Reached skill level 8 in Fighting
  4975 | D:7      | Reached skill level 9 in Fighting
  5091 | D:7      | Reached **** piety under Okawaru
  5409 | D:7      | Reached XP level 10. HP: 88/91 MP: 9/9
  5744 | D:8      | Gained mutation: You are partially covered in large bone plates (AC +2, SH +2). [mutagenic meat]
  5745 | D:8      | Gained mutation: Your flesh is heat resistant. [mutagenic meat]
  5746 | D:8      | Gained mutation: Your flesh is cold resistant. [mutagenic meat]
  5747 | D:8      | Gained mutation: You evolve. [mutagenic meat]
  5748 | D:8      | Lost mutation: You are resistant to hostile enchantments. [mutagenic meat]
  5749 | D:8      | Gained mutation: Your mind is acute. (Int +2) [mutagenic meat]
  5758 | D:8      | Identified a scroll of acquirement
  5902 | D:8      | Gained mutation: You have supernaturally acute eyesight. [mutagenic meat]
  5903 | D:8      | Lost mutation: You have supernaturally acute eyesight. [mutagenic meat]
  5904 | D:8      | Found Kenge's Jewellery Shoppe.
  6075 | D:8      | Reached skill level 10 in Shields
  6324 | D:9      | Received a gift from Okawaru
  6324 | D:9      | Gained mutation: You are weak. (Str -2) [evolution]
  6324 | D:9      | Lost mutation: You evolve. [end of evolution]
  6407 | D:9      | Reached skill level 10 in Armour
  6423 | D:9      | Found a staircase to the Orcish Mines.
  6578 | D:9      | Reached skill level 10 in Fighting
  6594 | D:9      | Reached skill level 1 in Invocations
  6927 | D:10     | Entered Level 10 of the Dungeon
  6966 | D:10     | Reached skill level 10 in Maces & Flails
  7026 | D:10     | Reached ***** piety under Okawaru
  7094 | D:10     | Noticed Typee's ghost (journeyman HuFi)
  7129 | D:10     | Killed Typee's ghost
  7129 | D:10     | Reached XP level 11. HP: 34/101 MP: 4/12
  7200 | D:10     | Found a staircase to the Lair.
  7206 | D:10     | Got a brightly glowing mace
  7331 | D:10     | Identified the +8 mace "Yghov Uzo" {crush, Str+4 SInv} (You found it on level 10 of the Dungeon)
  7453 | D:10     | Learned a level 2 spell: Blink
  7466 | D:10     | Learned a level 7 spell: Dragon Form
  7726 | D:10     | Noticed an unseen horror
  7730 | D:10     | Killed an unseen horror
  7953 | D:10     | Received a gift from Okawaru
  7953 | D:10     | Reached skill level 11 in Fighting
  8105 | D:11     | Noticed a red ugly thing
  8114 | D:11     | Killed a red ugly thing
  8119 | D:11     | Gained mutation: Your body sometimes deteriorates upon taking damage. [mutagenic meat]
  8120 | D:11     | Lost mutation: Your mind is acute. (Int +2) [mutagenic meat]
  8123 | D:11     | Found a portal to a secret trove of treasure.
  8245 | D:11     | Found an opulent altar of Gozag.
  8350 | D:12     | Noticed a deep elf mage
  8364 | D:12     | Killed a deep elf mage
  8364 | D:12     | Reached skill level 5 in Invocations
  8644 | D:12     | Reached XP level 12. HP: 94/112 MP: 10/15
  8704 | D:12     | Reached skill level 12 in Fighting
  8721 | D:12     | Noticed Harold
  8735 | D:12     | Killed Harold
  9056 | D:12     | Noticed a death knight
  9078 | D:12     | Killed a death knight
  9231 | Orc:1    | Entered Level 1 of the Orcish Mines
  9440 | Orc:2    | Entered Level 2 of the Orcish Mines
  9539 | Orc:2    | Noticed Donald
  9577 | Orc:1    | Killed Donald
  9577 | Orc:1    | Reached skill level 1 in Spellcasting
  9577 | Orc:1    | Reached skill level 1 in Translocations
  9581 | Orc:1    | Got a steaming shield {Donald}
  9615 | Orc:1    | Identified the +2 shield of the Thirteen Seas {MR+ Dex+2} (You took it off Donald on level 1 of the Orcish Mines)
  9995 | Orc:1    | Noticed an orc high priest
  9999 | Orc:1    | Found Uthuq's Armour Shop.
 10004 | Orc:1    | Killed an orc high priest
 10085 | Orc:1    | Found a shimmering altar of Xom.
 10094 | Orc:1    | Found Xeops's Weapon Shop.
 10164 | Orc:1    | Noticed an orc warlord
 10185 | Orc:1    | Killed an orc warlord
 10185 | Orc:1    | Reached skill level 13 in Fighting
 10207 | Orc:1    | Noticed an ettin
 10219 | Orc:1    | Killed an ettin
 10345 | Orc:1    | Noticed an orc warlord
 10349 | Orc:1    | Noticed an orc warlord
 10386 | Orc:1    | Killed an orc warlord
 10386 | Orc:1    | Reached XP level 13. HP: 115/122 MP: 11/17
 10407 | Orc:1    | Killed an orc warlord
 10418 | Orc:1    | Received a gift from Okawaru
 10434 | Orc:1    | Noticed an orc warlord
 10461 | Orc:1    | Killed an orc warlord
 10465 | Orc:1    | Received a gift from Okawaru
 11166 | Orc:1    | Identified the Collected Works on Companions
 11172 | Orc:1    | Learned a level 1 spell: Summon Butterflies
 11246 | Orc:1    | Noticed an orc warlord
 11277 | Orc:1    | Killed an orc warlord
 11277 | Orc:1    | Received a gift from Okawaru
 11304 | Orc:1    | Identified a +2 pair of boots of running (Okawaru gifted it to you on level 1 of the Orcish Mines)
 11992 | Orc:2    | Reached skill level 14 in Fighting
 12566 | Orc:2    | Noticed a stone giant
 12984 | Orc:2    | Killed a stone giant
 12994 | Orc:2    | Found a staircase to the Elven Halls.
 13094 | Orc:2    | Noticed Nessos
 13123 | Orc:2    | Killed Nessos
 13283 | Orc:2    | Reached skill level 5 in Translocations
 13361 | Orc:2    | Reached XP level 14. HP: 39/133 MP: 7/20
 13840 | Orc:2    | Found Kirif's Armour Emporium.
 13843 | Orc:2    | Found Ythraeff's Food Shoppe.
 13844 | Orc:2    | Found Urhoukh's General Store.
 13845 | Orc:2    | Found Vugut's Armour Emporium.
 13859 | Orc:2    | Bought a bread ration for 50 gold pieces
 13859 | Orc:2    | Bought a bread ration for 50 gold pieces
 13859 | Orc:2    | Bought a bread ration for 50 gold pieces
 13859 | Orc:2    | Bought a bread ration for 50 gold pieces
 13861 | Orc:2    | Bought a meat ration for 55 gold pieces
 13861 | Orc:2    | Bought a potion of curing for 33 gold pieces
 13861 | Orc:2    | Bought a potion of might for 44 gold pieces
 13861 | Orc:2    | Bought a scroll of enchant weapon for 82 gold pieces
 13881 | Orc:2    | Bought a +2 fire dragon armour for 1080 gold pieces
 13965 | Orc:2    | Reached skill level 5 in Spellcasting
 14033 | Elf:1    | Entered Level 1 of the Elven Halls
 14075 | Elf:1    | Reached skill level 1 in Summonings
 14075 | Elf:1    | Reached skill level 10 in Invocations
 15459 | Elf:1    | Received a gift from Okawaru
 15554 | Elf:1    | Noticed an Ice Fiend
 15556 | Elf:1    | Received a gift from Okawaru
 15615 | Elf:1    | Noticed a balrug
 15620 | Elf:1    | Reached skill level 15 in Fighting
 16847 | Orc:1    | Reached skill level 1 in Evocations
 16935 | D:8      | Bought the ring of Jopse {rPois rC+ Int+3} for 523 gold pieces
 17033 | Lair:1   | Entered Level 1 of the Lair of Beasts
 17274 | Lair:1   | Received a gift from Okawaru
 17275 | Lair:1   | Got a pitted ring mail {god gift}
 17472 | Lair:1   | Identified the +1 ring mail of the Manifold Suns {rC+} (Okawaru gifted it to you on level 1 of the Lair of Beasts)
 17533 | Lair:1   | Reached XP level 15. HP: 136/141 MP: 19/22
 17534 | Lair:1   | Drew Focus: Str increased to 26, Int decreased to 4
 17535 | Lair:1   | Hired Xije the merfolk for 289 gold.
 17536 | Lair:1   | Lost mutation: Your body sometimes deteriorates upon taking damage. [helix card]
 18032 | Lair:2   | Got a pair of brightly glowing gloves
 18033 | Lair:2   | Identified the +2 pair of gloves of the Mind {rCorr Str+7 Int-2} (You found it on level 2 of the Lair of Beasts)
 18154 | Lair:2   | Found a frozen archway.
 18199 | IceCv    | Entered an ice cave
 18336 | IceCv    | Gained mutation: Your body sometimes deteriorates upon taking damage. [mutagenic glow]
 18389 | Lair:2   | Gained mutation: You occasionally shout uncontrollably at your foes. [mutagenic glow]
 18498 | D:8      | Bought an uncursed ring of sustain attributes for 227 gold pieces
 18501 | D:8      | Identified a +0 rod of ignition (9/9) (You found it in an ice cave)
 19154 | Lair:3   | Found a staircase to the Snake Pit.
 19318 | Lair:3   | Reached skill level 16 in Fighting
 20170 | Lair:4   | Noticed Snorg
 20178 | Lair:4   | Killed Snorg
 20653 | Lair:4   | Noticed Sonja
 20664 | Lair:4   | Killed Sonja
 20990 | Lair:4   | Reached skill level 1 in Transmutations
 21800 | Lair:5   | Received a gift from Okawaru
 21801 | Lair:5   | Got a brightly glowing flail {god gift}
 21802 | Lair:5   | Identified the +6 flail of Impeachment {crush, rC+} (Okawaru gifted it to you on level 5 of the Lair of Beasts)
 22769 | Lair:6   | Reached skill level 5 in Evocations
 23134 | Lair:6   | Found a staircase to the Shoals.
 23785 | Lair:7   | Found a staircase to the Slime Pits.
 24468 | Lair:8   | Entered Level 8 of the Lair of Beasts
 24497 | Lair:8   | Received a gift from Okawaru
 24509 | Lair:8   | Got a faintly humming plate armour {god gift}
 24521 | Lair:8   | Identified the +4 plate armour of Jimoihyrig {Dex+3} (Okawaru gifted it to you on level 8 of the Lair of Beasts)
 24818 | Lair:8   | Reached XP level 16. HP: 152/152 MP: 23/23
 25616 | Shoals:1 | Entered Level 1 of the Shoals
 26179 | Shoals:1 | Lost mutation: Your flesh is cold resistant. [potion of cure mutation]
 26179 | Shoals:1 | Lost mutation: You expend magic power (3 MP) to strengthen your wands. [potion of cure mutation]
 26179 | Shoals:1 | Lost mutation: You occasionally shout uncontrollably at your foes. [potion of cure mutation]
 26179 | Shoals:1 | Lost mutation: Your body sometimes deteriorates upon taking damage. [potion of cure mutation]
 26181 | Shoals:1 | Lost intelligence.
 26223 | Shoals:1 | Got a polished shield
 26239 | Shoals:1 | Reached skill level 17 in Fighting
 26273 | Shoals:1 | Received a gift from Okawaru
 26319 | Shoals:1 | Identified the +1 shield "Kusisah" {*Corrode +Inv Dex+5} (You found it on level 1 of the Shoals)
 26953 | Shoals:2 | Noticed Typee's ghost (adept DrTm)
 26982 | Shoals:2 | Killed Typee's ghost
 27228 | Shoals:2 | Noticed a kraken
 27246 | Shoals:2 | Killed a kraken
 27246 | Shoals:2 | Reached skill level 15 in Armour
 27246 | Shoals:2 | Reached skill level 5 in Transmutations
 27580 | Shoals:3 | Received a gift from Okawaru
 27607 | Shoals:3 | Got a faintly humming buckler {god gift}
 27618 | Shoals:3 | Identified the +2 buckler "Utaeroon" {rElec Regen+ Str+4} (Okawaru gifted it to you on level 3 of the Shoals)
 28158 | Shoals:4 | Entered Level 4 of the Shoals
 28437 | Shoals:4 | Reached XP level 17. HP: 162/162 MP: 21/24
 28521 | Shoals:4 | Got a barnacled rune of Zot
 28824 | Shoals:4 | Noticed Polyphemus
 28853 | Shoals:4 | Killed Polyphemus
 29039 | Shoals:4 | Identified Sif Muna's Incunabulum of the Fetching Glacier
 29146 | Shoals:4 | Learned a level 6 spell: Statue Form
 29155 | Shoals:4 | Received a gift from Okawaru
 29261 | Shoals:4 | Identified the Volume of Doomed Earth
 29274 | Shoals:4 | Learned a level 4 spell: Petrify
 29278 | Shoals:4 | Learned a level 3 spell: Vampiric Draining
 29311 | Shoals:4 | Noticed Ilsuiw
 29335 | Shoals:4 | Killed Ilsuiw
 29336 | Shoals:4 | Reached skill level 18 in Fighting
 30384 | D:13     | Noticed Kirke
 30398 | D:13     | Killed Kirke
 30486 | D:13     | Noticed Aquadorian's ghost (novice MiFi)
 30498 | D:13     | Killed Aquadorian's ghost
 30543 | D:13     | Received a gift from Okawaru
 30773 | D:13     | Learned a level 4 spell: Ice Form
 31540 | D:14     | Found a gate to the Vaults.
 31573 | D:14     | Received a gift from Okawaru
 31575 | D:14     | Got a faintly glowing morningstar {god gift}
 31598 | D:14     | Identified the +1 morningstar "Talius" {freeze, *Contam Str+4 Dex+4} (Okawaru gifted it to you on level 14 of the Dungeon)
 31656 | D:14     | Gained mutation: You are frail (-10% HP). [mutagenic meat]
 31657 | D:14     | Gained mutation: You are partially covered in rough black scales (AC +4, Dex -1). [mutagenic meat]
 31658 | D:14     | Gained mutation: You have supernaturally acute eyesight. [mutagenic meat]
 31660 | D:14     | Gained mutation: You are very weak. (Str -4) [mutagenic meat]
 31663 | D:14     | Lost mutation: You are frail (-10% HP). [mutagenic meat]
 31958 | D:15     | Entered Level 15 of the Dungeon
 32006 | D:15     | Found a staircase to the Depths.
 32095 | D:15     | Noticed Roxanne
 32121 | D:15     | Killed Roxanne
 32121 | D:15     | Reached XP level 18. HP: 174/174 MP: 20/27
 32127 | D:15     | Identified Roxanne's Reference Book on the Rocks (You took it off Roxanne on level 15 of the Dungeon)
 32803 | D:15     | Reached skill level 19 in Fighting
 33129 | Snake:1  | Entered Level 1 of the Snake Pit
 33143 | Snake:1  | Received a gift from Okawaru
 33574 | Snake:1  | Found Gueluf's Food Boutique.
 33611 | Snake:1  | Bought a bread ration for 65 gold pieces
 33611 | Snake:1  | Bought a bread ration for 65 gold pieces
 33611 | Snake:1  | Bought a meat ration for 65 gold pieces
 33611 | Snake:1  | Bought a meat ration for 65 gold pieces
 33611 | Snake:1  | Bought a meat ration for 65 gold pieces
 34306 | Snake:2  | Reached ****** piety under Okawaru
 34608 | Snake:2  | Received a gift from Okawaru
 35367 | Snake:3  | Received a gift from Okawaru
 36060 | Snake:4  | Entered Level 4 of the Snake Pit
 36305 | Snake:4  | Got a jewelled great mace
 36315 | Snake:4  | Noticed Nikola
 36340 | Snake:4  | Killed Nikola
 36340 | Snake:4  | Received a gift from Okawaru
 36340 | Snake:4  | Reached XP level 19. HP: 133/184 MP: 28/30
 36413 | Snake:4  | Identified the cursed +1 great mace "Viqium" {elec, rF+ MR+ Str+2 Int+4} (You found it on level 4 of the Snake Pit)
 37081 | Snake:4  | Received a gift from Okawaru
 37082 | Snake:4  | Got a twisted dire flail {god gift}
 37221 | Snake:4  | Reached skill level 20 in Fighting
 37562 | Snake:4  | Received a gift from Okawaru
 37811 | Snake:4  | Got a spiked ring mail
 37822 | Snake:4  | Identified the +4 ring mail "Qoinui Sigo" {rPois} (You found it on level 4 of the Snake Pit)
 37866 | Snake:4  | Got a serpentine rune of Zot
 38460 | Elf:2    | Found Ilaag's Armour Shoppe.
 38499 | Elf:2    | Received a gift from Okawaru
 38817 | Elf:2    | Found a runed gate.
 38817 | Elf:2    | Found a runed gate.
 38817 | Elf:2    | Found a runed gate.
 38818 | Elf:2    | Got an iridescent mace
 38840 | Elf:2    | Identified the +4 mace of Equilibrium {freeze, rElec Dex+4} (You found it on level 2 of the Elven Halls)
 39114 | Elf:2    | Reached XP level 20. HP: 195/195 MP: 32/32
 39441 | Elf:3    | Entered Level 3 of the Elven Halls
 39441 | Elf:3    | Noticed Wiglaf
 39457 | Elf:3    | Killed Wiglaf
 39633 | Elf:3    | Found Xoryqus's Gadget Shoppe.
 39649 | Elf:3    | Bought an ornate deck of summoning for 220 gold pieces
 39723 | Elf:3    | Noticed Asterion
 39737 | Elf:3    | Killed Asterion
 39784 | Elf:3    | Noticed Louise
 39793 | Elf:3    | Killed Louise
 39809 | Elf:3    | Noticed Mara
 39834 | Elf:3    | Killed Mara
 39854 | Elf:3    | Identified the +5 dire flail "Vallea Ticix" {flame, +Inv rPois Dex+4} (Okawaru gifted it to you on level 4 of the Snake Pit)
 40100 | Elf:3    | Reached skill level 21 in Fighting
 40190 | Elf:3    | Killed from afar by a deep elf high priest

Skill      XL: |  1  2  3  4  5  6  7  8  9 10 11 12 13 14 15 16 17 18 19 20 |
---------------+-------------------------------------------------------------+-----
Shields        | 4 5 6 8 9 10 11 12 13 14 | 14.5
Armour         | 4 5 6 8 9 10 12 13 14 15 16 17 18 19 | 19.4
Dodging        | 1 |  1.5
Maces & Flails | 3 4 5 7 8 10 11 12 13 14 | 14.0
Fighting       | 4 5 6 7 9 10 11 13 14 15 16 17 18 19 20 21 | 21.0
Invocations    | 2 5 7 9 10 11 | 11.3
Spellcasting   | 2 4 5 7 8 9 |  9.5
Translocations | 3 5 6 |  6.0
Summonings     | 3 |  3.0
Evocations     | 2 5 7 |  7.0
Transmutations | 3 5 6 7 9 |  9.1

Action                   |  1- 3 |  4- 6 |  7- 9 | 10-12 | 13-15 | 16-18 | 19-21 || total
-------------------------+-------+-------+-------+-------+-------+-------+-------++-------
Melee: Flail             |    96 |   141 |   215 |   335 |       |       |       ||   787
       Headbutt          |    14 |    26 |    63 |   185 |   502 |   618 |   266 ||  1674
       Whip              |       |       |    59 |       |       |       |       ||    59
       Mace              |       |       |       |   484 |  1550 |  1134 |       ||  3168
       Long sword        |       |       |       |       |     9 |       |       ||     9
       Morningstar       |       |       |       |       |       |   671 |   768 ||  1439
Throw: Javelin           |       |       |       |       |     5 |       |       ||     5
 Cast: Summon Butterflie |       |       |       |       |     2 |       |     9 ||    11
       Blink             |       |       |       |       |     1 |       |     3 ||     4
Invok: Heroism           |       |       |       |    28 |    41 |    48 |    22 ||   139
       Finesse           |       |       |       |     9 |    16 |    18 |    12 ||    55
Evoke: Wand              |       |       |       |     2 |     6 |     5 |     1 ||    14
       Deck              |       |       |       |       |     3 |     1 |     4 ||     8
       Sack of spiders   |       |       |       |       |       |     1 |     1 ||     2
  Use: Potion            |       |     3 |       |     1 |     7 |    10 |     8 ||    29
       Scroll            |       |       |     4 |    17 |    19 |    17 |     6 ||    63
 Stab: Sleeping          |       |       |       |     4 |     1 |       |       ||     5
       Confused          |       |       |       |     1 |       |     2 |       ||     3
       Petrifying        |       |       |       |       |       |     2 |       ||     2
       Petrified         |       |       |       |       |       |     2 |       ||     2
       Distracted        |       |       |       |       |       |     1 |     2 ||     3
  Eat: Chunk             |     1 |     5 |    11 |    30 |    39 |    45 |    11 ||   142
       Beef jerky        |       |       |       |       |     4 |     2 |     2 ||     8
       Royal jelly       |       |       |       |       |     3 |       |       ||     3
       Pizza             |       |       |       |       |       |     1 |       ||     1
       Fruit             |       |       |       |       |       |       |     2 ||     2
Armor: Scale mail        |    43 |    11 |       |       |       |       |       ||    54
       Ring mail         |       |    37 |    61 |   171 |   119 |       |       ||   388
       Skin              |       |       |       |    15 |     4 |       |       ||    19
       Chain mail        |       |       |       |       |    37 |       |       ||    37
       Fire dragon armou |       |       |       |       |   137 |       |       ||   137
       Plate armour      |       |       |       |       |     6 |   785 |   225 ||  1016
Dodge: Dodged            |    23 |    55 |   108 |   253 |   318 |   514 |   153 ||  1424
Block: Shield            |    46 |    73 |   127 |   534 |  1002 |   846 |   585 ||  3213
       Buckler           |       |       |       |       |       |   534 |       ||   534
       Other             |       |       |       |       |       |     1 |       ||     1
